 Dungeon Crawl Stone Soup version 0.23.2-1-ga50397a (webtiles) character file.

Game seed: 269748160808297180

10121 MalarOregon the Grappler (level 11, 0/95 HPs)
             Began as a Ghoul Gladiator on May 29, 2019.
             Was the Champion of Cheibriados.
             Slain by a vampire (1 damage)
             ... on level 11 of the Dungeon.
             The game lasted 00:21:18 (11561 turns).

MalarOregon the Grappler (Ghoul Gladiator)         Turns: 11561, Time: 00:21:19

Health: 0/95       AC: 10    Str: 39      XL:     11   Next: 57%
Magic:  0/22       EV: 15    Int: 21 (22) God:    Cheibriados [******]
Gold:   578        SH: 28    Dex: 25      Spells: 5/10 levels left

rFire    . . .     SeeInvis .     - Unarmed
rCold    + . .     Gourm    .   p - +10 large shield of Ignorance {rN+ Int-4}
rNeg     + + +     Faith    .   u - +1 leather armour "Ilui" {*Slow +Blink MR++ Str+2}
rPois    ∞         Spirit   +   b - +1 helmet
rElec    .         Reflect  .   A - +1 cloak
rCorr    .         Harm     .   y - +1 pair of gloves
MR       ++...                  (no boots)
Stlth    ++........             E - amulet of guardian spirit
HPRegen  0.00/turn              q - +3 ring of intelligence
MPRegen  0.18/turn              r - ring of magical power

@: brilliant, rotting, very slow
A: rotting body, claws 1, carnivore, cold resistance 1, negative energy
resistance 3, inhibited regeneration, torment resistance, unbreathing
a: Bend Time, Temporal Distortion, Slouch, Step From Time, Renounce Religion,
Evoke Blink


You were on level 11 of the Dungeon.
You worshipped Cheibriados.
Cheibriados was exalted by your worship.
You were not hungry.

You visited 2 branches of the dungeon, and saw 12 of its levels.
You also visited: Sewer and Ossuary.

You collected 613 gold pieces.
You spent 35 gold pieces at shops.

Inventory:

Hand Weapons
 O - a +0 blowgun
   (You bought it in a shop on level 9 of the Dungeon)
Missiles
 a - 2 needles of confusion
 m - 3 throwing nets {!f}
 w - 14 poisoned needles
 L - 4 tomahawks of dispersal (quivered) {!f}
Armour
 b - a +1 helmet (worn)
 p - the +10 large shield of Ignorance (worn) {rN+ Int-4}
   (You found it on level 9 of the Dungeon)

   It affects your intelligence (-4).
   It protects you from negative energy.
 u - the +1 leather armour "Ilui" (worn) {*Slow +Blink MR++ Str+2}
   (You found it in a sewer)

   It affects your strength (+2).
   It affects your resistance to hostile enchantments.
   It lets you blink.
   It may slow you when you take damage.
 y - a +1 pair of gloves (worn)
   (You found it on level 5 of the Dungeon)
 A - a +1 cloak (worn)
   (You took it off Crazy Yiuf on level 2 of the Dungeon)
 B - the +3 ring mail of Jixul {Str+3, unknown}
   (You found it on level 6 of the Dungeon)

   It affects your strength (+3).
Jewellery
 g - an uncursed ring of ice
   (You found it on level 2 of the Dungeon)
 q - a +3 ring of intelligence (left hand)
   (You found it on level 4 of the Dungeon)
 r - a ring of magical power (right hand)
   (You found it on level 5 of the Dungeon)
 E - an amulet of guardian spirit (around neck)
   (You found it on level 6 of the Dungeon)
 N - an uncursed amulet of regeneration {unknown}
   (You found it on level 9 of the Dungeon)
Wands
 c - a wand of disintegration (10)
   (You took it off Ijyb on level 5 of the Dungeon)
 d - a wand of iceblast (7)
   (You found it on level 6 of the Dungeon)
 s - a wand of polymorph (8)
   (You found it on level 5 of the Dungeon)
 t - a wand of flame (14)
   (You found it on level 7 of the Dungeon)
 x - a wand of acid (12)
   (You found it on level 2 of the Dungeon)
 H - a wand of clouds (5)
   (You found it on level 7 of the Dungeon)
Scrolls
 h - 3 scrolls of teleportation {@r4}
 i - 3 scrolls of fog
 n - a scroll of magic mapping
 o - a scroll of immolation {!r}
 C - a scroll of enchant weapon {unknown}
 K - 2 scrolls of remove curse {@r2}
 M - a scroll of blinking
Potions
 f - a potion of lignification {unknown}
 j - 3 potions of curing {@q1}
 k - 7 potions of ambrosia
 l - 6 potions of flight
 v - a potion of might
 z - a potion of heal wounds {unknown}
 D - a potion of resistance {unknown}
 F - a potion of haste {@q3}
 G - a potion of agility
 J - a potion of berserk rage
Comestibles
 e - 19 rations {!d}
 P - 8 chunks of flesh


   Skills:
 + Level 8.8 Fighting
 + Level 7.3 Throwing
 + Level 7.5 Dodging
 + Level 2.2 Shields
 * Level 12.2 Unarmed Combat
 - Level 4.0 Invocations


You had 5 spell levels left.
You knew the following spells:

 Your Spells              Type           Power        Failure   Level  Hunger
b - Blink                 Tloc           N/A          45%         2    ###....
f - Mephitic Cloud        Conj/Pois/Air  ##......     67%         3    ####...

Your spell library contained the following spells:

 Spells                   Type           Power        Failure   Level  Hunger
 Magic Dart               Conj           ##..         34%         1    ##.....
 Call Imp                 Summ           ##......     45%         2    ###....
 Slow                     Hex            ##......     45%         2    ###....
 Conjure Flame            Conj/Fire      ##......     67%         3    ####...


Dungeon Overview and Level Annotations

Branches:
Dungeon (11/15)            Temple (1/1) D:5            Lair (0/6) D:11
    Orc (0/2) D:9

Altars:
Ashenzari
Cheibriados
Dithmenos
Elyvilon
Fedhas
Gozag
Hepliaklqana
Kikubaaqudgha
Makhleb
Nemelex Xobeh
Okawaru
Qazlal
Ru
Sif Muna
Trog
Uskayaw
Vehumet
Wu Jian
Xom
Yredelemnul
Zin
The Shining One

Shops:
D:9 [(

Annotations:
D:9 1 runed translucent door, exclusion: 4 orange crystal statues


Innate Abilities, Weirdness & Mutations

Your body is rotting away.
You thrive on raw meat.
You are immune to poison.
You have sharp fingernails.
You are carnivorous and can eat meat at any time.
Your flesh is cold resistant. (rC+)
You are immune to negative energy. (rN+++)
You do not regenerate when monsters are visible.
You are immune to unholy pain and torment.
You can survive without breathing.


Message History

* * * LOW HITPOINT WARNING * * *
A stone appears from out of thin air!
You block the stone.
You see here a stone.
A stone appears from out of thin air!
You block the stone.
You see here a stone.
You start resting.
A stone appears from out of thin air!
The stone hits you but does no damage. You block something's attack.
Something bites you!
* * * LOW HITPOINT WARNING * * *
You block something's attack. Something bites you but does no damage.
You see here a stone.
You miss something. Something hits you.
* * * LOW HITPOINT WARNING * * *
You block something's attack.
You hit something but do no damage. Something hits you.
* * * LOW HITPOINT WARNING * * *
Something barely misses you.
You closely miss something.
Unknown command.
You miss something. You block something's attack. Something barely misses you.
Unknown command.
You barely miss something. Something hits you.
* * * LOW HITPOINT WARNING * * *
You block something's attack.
Unknown command.
You miss something. Something hits you.
* * * LOW HITPOINT WARNING * * *
Something bites you.
* * * LOW HITPOINT WARNING * * *
You closely miss something. You block something's attack. Something bites you!
* * * LOW HITPOINT WARNING * * *
You hit something but do no damage. Something hits you!
* * * LOW HITPOINT WARNING * * *
Something bites you.
* * * LOW HITPOINT WARNING * * *
Okay, then.
Okay, then.
Okay, then.
It was a potion of berserk rage.
You cannot raise a blood rage in your lifeless body.
You block something's attack. x2
It was a potion of brilliance.
You feel clever all of a sudden. You block something's attack.
Something bites you.
You die...

###.####### #.# #.#
####.###### #.........#
#.#...P.P.♣ ..
########....P.P..P..
##>#.#####...{(.)÷...P.......
#...........@####...........P
#. #..#.##.##.#(#
♣....P..PP..P
#.##..#.##.##.#.#
.......PP.P..
#.......##....#..
....P...>..♣♣.
#.......##.####.##.......P.♣PP
#...............###...P.PP..
#.......#####.### ##........
#.......# .. #.......# .#


There were no monsters in sight!

Vanquished Creatures
  A centaur warrior (D:9)
  An unseen horror (D:7)
  An ugly thing (D:11)
  Joseph (D:7)
  A tyrant leech (D:11)
  A troll (D:9)
  A hippogriff (D:7)
  Sigmund (D:3)
  A vampire (D:11)
  5 yaks (D:11)
  A basilisk (D:11)
  A hungry ghost (D:8)
  3 vampire mosquitoes (D:11)
  3 porcupines (D:11)
  A water moccasin (D:9)
  Purgy (Sewer)
  5 orc warriors
  3 black bears
  A sky beast (D:7)
  2 ice beasts
  A hornet zombie (D:8)
  2 ogres
  2 phantoms
  8 centaurs
  2 crocodiles (D:11)
  A big kobold (D:9)
  Blork the orc (D:6)
  2 elf zombies (Ossuary)
  7 bullfrogs
  4 scorpions
  6 howler monkeys
  3 crimson imps
  2 bullfrog zombies
  5 hounds
  3 quasits
  2 centaur skeletons
  2 bullfrog skeletons
  2 orc priests (D:6)
  2 human zombies (Ossuary)
  2 jellies
  Crazy Yiuf (D:2)
  Natasha (thrice) (D:2)
  Terence (D:3)
  Ijyb (D:5)
  22 orc wizards
  4 worker ants
  2 mummies (Ossuary)
  A worker ant zombie (D:6)
  Robin (D:3)
  4 gnolls (D:3)
  11 adders
  3 shadow imps
  An ooze (D:3)
  2 adder skeletons
  A worm (D:2)
  3 dart slugs (D:1)
  2 leopard geckos
  31 orcs
  5 bats
  7 giant cockroaches
  14 goblins
  7 hobgoblins
  19 jackals
  3 quokkas
  9 frilled lizards
  7 hobgoblin zombies (Ossuary)
  2 jackal skeletons (D:7)
  6 jackal zombies (Ossuary)
  8 kobolds
  13 kobold zombies (Ossuary)
  A leopard gecko skeleton (D:7)
  5 orc zombies (Ossuary)
  A quokka skeleton (D:7)
  A quokka zombie (D:9)
  3 rats
  A rat zombie (Ossuary)
300 creatures vanquished.

Vanquished Creatures (others)
  A fungus (D:11)
  2 plants (D:11)
3 creatures vanquished.

Grand Total: 303 creatures vanquished

Notes
Turn   | Place    | Note
-------+----------+-------------------------------------------
     0 | D:1      | MalarOregon the Ghoul Gladiator began the quest for the
                  | Orb.
     0 | D:1      | Reached XP level 1. HP: 17/17 MP: 0/0
   146 | D:1      | Reached XP level 2. HP: 19/25 MP: 1/1
   700 | D:2      | Found a bloodstained altar of Trog.
   707 | D:2      | Reached XP level 3. HP: 28/30 MP: 2/2
   765 | D:2      | Found an ornate altar of the Wu Jian Council.
   810 | D:2      | Found a radiant altar of Vehumet.
   825 | D:2      | Reached skill level 4 in Unarmed Combat
   877 | D:2      | Found an ancient bone altar of Kikubaaqudgha.
  1136 | D:2      | Found a runed translucent door.
  1137 | D:2      | Noticed Crazy Yiuf
  1252 | D:2      | Reached XP level 4. HP: 28/37 MP: 3/3
  1622 | D:3      | Noticed Natasha
  1648 | D:2      | Killed Natasha
  2336 | D:2      | Noticed Natasha
  2345 | D:2      | Killed Natasha
  2354 | D:2      | Found an ancient bone altar of Kikubaaqudgha.
  2358 | D:2      | Noticed Natasha
  2371 | D:2      | Killed Natasha
  2371 | D:2      | Reached XP level 5. HP: 16/44 MP: 4/4
  2579 | D:3      | Found a faded altar of an unknown god.
  2617 | D:3      | Reached skill level 5 in Unarmed Combat
  2749 | D:3      | Became a worshipper of Cheibriados the Contemplative
  2749 | D:3      | Reached * piety under Cheibriados
  2850 | D:3      | Noticed Robin
  2861 | D:3      | Killed Robin
  2869 | D:3      | Reached XP level 6. HP: 33/51 MP: 3/5
  3093 | D:3      | Noticed Terence
  3106 | D:3      | Killed Terence
  3160 | D:3      | Reached ** piety under Cheibriados
  3166 | D:3      | Noticed Sigmund
  3182 | D:3      | Killed Sigmund
  3182 | D:3      | Reached XP level 7. HP: 31/59 MP: 6/6
  3313 | D:3      | Found a burning altar of Makhleb.
  3324 | D:3      | Reached skill level 6 in Unarmed Combat
  3676 | D:2      | Killed Crazy Yiuf
  3732 | D:4      | Found a sand-covered staircase.
  3739 | Ossuary  | Entered an ossuary
  3909 | Ossuary  | Reached *** piety under Cheibriados
  4208 | D:4      | Reached XP level 8. HP: 67/67 MP: 7/7
  4244 | D:4      | Reached skill level 7 in Unarmed Combat
  4916 | D:5      | Entered Level 5 of the Dungeon
  4955 | D:5      | Found a staircase to the Ecumenical Temple.
  4979 | Temple   | Entered the Ecumenical Temple
  5303 | D:5      | Found a glowing drain.
  5326 | Sewer    | Entered a sewer
  5352 | Sewer    | Reached **** piety under Cheibriados
  5368 | Sewer    | Noticed Purgy
  5384 | Sewer    | Killed Purgy
  5384 | Sewer    | Reached skill level 5 in Fighting
  5402 | Sewer    | Got a distressingly furry leather armour
  5534 | D:5      | Identified the +1 leather armour "Ilui" {*Slow +Blink MR++
                  | Str+2} (You found it in a sewer)
  5813 | D:5      | Noticed Ijyb
  5819 | D:5      | Killed Ijyb
  6067 | D:5      | Reached skill level 5 in Dodging
  6212 | D:6      | Reached skill level 8 in Unarmed Combat
  6245 | D:6      | Found a blossoming altar of Fedhas.
  6248 | D:6      | Got a smoking ring mail
  6463 | D:6      | Found a sparkling altar of Nemelex Xobeh.
  6516 | D:6      | Reached XP level 9. HP: 75/75 MP: 8/8
  6581 | D:6      | Reached ***** piety under Cheibriados
  6589 | D:6      | Noticed Blork the orc
  6594 | D:6      | Killed Blork the orc
  6594 | D:6      | Reached skill level 5 in Throwing
  6594 | D:6      | Reached skill level 9 in Unarmed Combat
  6788 | D:6      | Reached skill level 1 in Invocations
  7810 | D:7      | Noticed Joseph
  7821 | D:7      | Killed Joseph
  7821 | D:7      | Reached skill level 10 in Unarmed Combat
  7821 | D:7      | Reached XP level 10. HP: 76/84 MP: 10/10
  7880 | D:7      | Killed an unseen horror
  8019 | D:7      | Found a deep blue altar of Sif Muna.
  8132 | D:8      | Found an opulent altar of Gozag.
  8353 | D:8      | Learned a level 2 spell: Blink
  8357 | D:8      | Learned a level 3 spell: Mephitic Cloud
  8441 | D:8      | Found a glowing silver altar of Zin.
  8442 | D:8      | Found a blossoming altar of Fedhas.
  8916 | D:8      | Found a sacrificial altar of Ru.
  9054 | D:9      | Reached ****** piety under Cheibriados
  9132 | D:9      | Noticed a centaur warrior
  9139 | D:9      | Killed a centaur warrior
  9139 | D:9      | Reached skill level 11 in Unarmed Combat
  9272 | D:9      | Found a runed translucent door.
  9273 | D:9      | Noticed an orange crystal statue
  9278 | D:9      | Found the +10 large shield of Ignorance {rN+ Int-4}
  9325 | D:9      | Reached XP level 11. HP: 92/94 MP: 13/13
  9416 | D:9      | Found Ycol's Weapon Shop.
  9417 | D:9      | Found a staircase to the Orcish Mines.
  9417 | D:9      | Found Neur's Armour Shop.
  9445 | D:9      | Bought a +0 blowgun for 35 gold pieces
  9635 | D:9      | Found a runed translucent door.
  9825 | D:9      | Noticed an orange crystal statue
  9825 | D:9      | Noticed an orange crystal statue
  9825 | D:9      | Noticed an orange crystal statue
  9862 | D:9      | Noticed a two-headed ogre
 10679 | D:10     | Entered Level 10 of the Dungeon
 11370 | D:11     | Found a staircase to the Lair.
 11376 | D:11     | Reached skill level 1 in Shields
 11424 | D:11     | Reached skill level 12 in Unarmed Combat
 11441 | D:11     | Noticed a cyan ugly thing
 11486 | D:11     | Killed a cyan ugly thing
 11559 | D:11     | HP: 2/95 [something (6)]
 11561 | D:11     | Slain by a vampire

Skill      XL: |  1  2  3  4  5  6  7  8  9 10 11 |
---------------+----------------------------------+-----
Throwing       | 2 3 4 5 6 7 |  7.3
Dodging        | 3 4 5 6 7 |  7.5
Unarmed Combat | 4 5 6 8 10 11 12 | 12.2
Fighting       | 3 4 5 6 8 |  8.8
Invocations    | 2 4 |  4.0
Shields        | 2 |  2.2

Action                   |  1- 3 |  4- 6 |  7- 9 | 10-12 || total
-------------------------+-------+-------+-------+-------++-------
Melee: Unarmed           |    99 |   138 |   410 |   422 ||  1069
       Punch             |       |     7 |    19 |    36 ||    62
Throw: Throwing net      |       |     1 |     2 |       ||     3
       Javelin           |       |       |    22 |     5 ||    27
Invok: Slouch            |       |       |     1 |       ||     1
 Abil: Evoke Blink       |       |       |       |     1 ||     1
  Use: Scroll            |     1 |     7 |    10 |     9 ||    27
       Potion            |       |       |       |     2 ||     2
 Stab: Held in net/web   |       |       |     2 |       ||     2
       Sleeping          |       |       |     1 |     2 ||     3
  Eat: Chunk             |     5 |     7 |     6 |    31 ||    49
Armor: Leather armour    |    40 |    33 |   133 |    98 ||   304
Dodge: Dodged            |    71 |    79 |   310 |   355 ||   815
Block: Large shield      |       |       |       |   154 ||   154
